 Dungeon Crawl Stone Soup version 0.22.1-2-g9c5b331 (webtiles) character file.

165 SilentRunner the Conjurer (level 5, -2/28 HPs)
             Began as a Deep Elf Conjurer on Dec 18, 2018.
             Was an Initiate of Sif Muna.
             Slain by a phantom (8 damage)
             ... on level 3 of the Dungeon.
             The game lasted 00:20:15 (3420 turns).

SilentRunner the Conjurer (Deep Elf Conjurer)       Turns: 3420, Time: 00:20:16

Health: -2/28      AC:  3    Str:  5    XL:     5   Next: 21%
Magic:  5/13       EV: 13    Int: 21    God:    Sif Muna [......]
Gold:   250        SH:  2    Dex: 15    Spells: 8/12 levels left

rFire    + . .     SeeInvis .   m - +0 hunting sling (freeze)
rCold    x . .     Gourm    .   (no shield)
rNeg     . . .     Faith    .   w - +0 robe
rPois    +         Spirit   .   (no helmet)
rElec    .         Reflect  +   (no cloak)
rCorr    .         Harm     .   (no gloves)
MR       .....                  r - +0 pair of boots
Stlth    ++........             a - +2 amulet of reflection
HPRegen  0.09/turn              g - ring of fire
MPRegen  0.13/turn              v - ring of poison resistance

@: no status effects
A: no striking features
a: Renounce Religion


You were on level 3 of the Dungeon.
You worshipped Sif Muna.
Sif Muna was noncommittal.
You were not hungry.

You visited 1 branch of the dungeon, and saw 4 of its levels.

You collected 250 gold pieces.

Inventory:

Hand Weapons
 m - a +0 hunting sling of freezing (weapon)
 q - a +0 club
 x - a +0 mace
Missiles
 f - 82 stones (quivered)
 i - 9 bolts
 l - 94 arrows
Armour
 r - a +0 pair of boots (worn)
 w - a +0 robe (worn)
 y - a +0 ring mail
 A - a +0 leather armour
Jewellery
 a - a +2 amulet of reflection (around neck)
 g - a ring of fire (left hand)
 u - an uncursed amulet of regeneration
 v - a ring of poison resistance (right hand)
Wands
 B - a wand of disintegration (10)
Scrolls
 b - 2 scrolls of identify
 d - a scroll of random uselessness {unknown}
 e - a scroll of teleportation
 k - 2 scrolls of amnesia
 n - a scroll of remove curse {unknown}
 s - a scroll of immolation {unknown}
Potions
 h - 2 potions of ambrosia
 j - a potion of resistance {unknown}
 o - a potion of heal wounds {unknown}
 p - a potion of agility
 t - a potion of cancellation {unknown}
 z - 2 potions of flight {unknown}
Comestibles
 c - 4 rations


   Skills:
 + Level 0.3 Slings
 + Level 3.0 Dodging
 + Level 3.0 Stealth
 + Level 4.1 Spellcasting
 + Level 6.2 Conjurations
 + Level 0.2 Hexes


You had 8 spell levels left.
You knew the following spells:

 Your Spells              Type           Power        Failure   Level  Hunger
a - Magic Dart            Conj           ####         1%          1    None
b - Dazzling Spray        Conj/Hex       ###...       10%         3    ###....

Your spell library contained the following spells:

 Spells                   Type           Power        Failure   Level  Hunger
 Searing Ray              Conj           ####..       1%          2    #......
 Iskenderun's Mystic Bla  Conj           ####....     9%          4    ####...
 Fulminant Prism          Conj/Hex       ###.......   30%         4    ####...
 Force Lance              Conj/Tloc      ###.....     32%         4    ####...


Dungeon Overview and Level Annotations

Branches:
Dungeon (4/15)
 Temple: D:4-7

Altars:
Elyvilon
Fedhas
Ru
Sif Muna
Trog

Annotations:
D:4 Grinder


Message History

You can move again.
The phantom hits you but does no damage.
Grinder blinks!
The adder skeleton barely misses you.
There is a stone staircase leading up here.
The phantom hits you.
* * * LOW HITPOINT WARNING * * *
The adder skeleton bites you but does no damage.
Grinder gestures at you. You resist with significant effort.
You climb upwards.
There is a stone staircase leading down here.
Casting: Magic Dart (safe; 1% risk of failure)
Confirm with . or Enter, or press ? or * to list all spells.
Aiming: Dazzling Spray (safe; 10% risk of failure)
Press: ? - help, Shift-Dir - straight line, f - phantom
Aim: a phantom The spray of energy hits the phantom.
The phantom is lightly damaged.
The phantom hits you!
You die...

#................###
#...####..#..#..##
##..####........# ##
#.....#..#.....# ######
.#####.##.#..######## # #.....
.#.............# ##8###8#
#.####
.#........#....##8...8...8##.#
......#...##...##.........##.#
.#.##..........#@........._#.#
.#.##.##.###.####W........####
.#.##.##.# #.####8...8...8##
.#.......# #...# ##8###8##
.####.#### ###### ## ##
.####.### #.# .##..)<.#
###.#### .##.....# #......#
.##.....# #..###.#


You could see a phantom.

Vanquished Creatures
  An orc wizard (D:4)
  Ijyb (D:3)
  Terence (D:3)
  An ooze (D:2)
  2 worms
  4 dart slugs
  4 leopard geckos
  An orc (D:3)
  3 ball pythons
  2 giant cockroaches
  3 goblins
  10 hobgoblins
  6 jackals
  8 kobolds
  4 bats
  2 frilled lizards (D:1)
  7 rats
60 creatures vanquished.

Notes
Turn   | Place    | Note
-------+----------+-------------------------------------------
     0 | D:1      | SilentRunner the Deep Elf Conjurer began the quest for the
                  | Orb.
     0 | D:1      | Reached XP level 1. HP: 10/10 MP: 6/6
   372 | D:1      | Reached XP level 2. HP: 13/15 MP: 6/8
   564 | D:1      | Reached skill level 5 in Conjurations
   728 | D:1      | Reached XP level 3. HP: 19/19 MP: 0/9
  1260 | D:2      | Learned a level 3 spell: Dazzling Spray
  1442 | D:2      | Found a blossoming altar of Fedhas.
  2055 | D:3      | Reached XP level 4. HP: 24/24 MP: 6/11
  2070 | D:3      | Found a sacrificial altar of Ru.
  2072 | D:3      | Found a deep blue altar of Sif Muna.
  2087 | D:3      | Noticed Ijyb
  2103 | D:3      | HP: 1/24 [Ijyb/club (1)]
  2429 | D:3      | Found a bloodstained altar of Trog.
  2635 | D:3      | Noticed Terence
  2708 | D:3      | Killed Terence
  2708 | D:3      | Reached skill level 6 in Conjurations
  2862 | D:3      | Killed Ijyb
  2943 | D:3      | Became a worshipper of Sif Muna the Loreminder
  3381 | D:4      | Reached XP level 5. HP: 28/28 MP: 8/13
  3384 | D:4      | Noticed a phantom
  3398 | D:4      | Found a white marble altar of Elyvilon.
  3399 | D:4      | Noticed Grinder
  3403 | D:4      | Noticed a phantom
  3404 | D:4      | Paralysed by Grinder for 2 turns
  3411 | D:4      | Paralysed by Grinder for 6 turns
  3420 | D:3      | Slain by a phantom

Skill      XL: |  1  2  3  4 |
---------------+-------------+-----
Conjurations   | 5 6 |  6.2
Dodging        | 3 |  3.0
Stealth        | 3 |  3.0
Spellcasting   | 4 |  4.1
Slings         | |  0.3
Hexes          | |  0.2

Action                   |  1- 3 |  4- 6 || total
-------------------------+-------+-------++-------
Melee: Unarmed           |     5 |       ||     5
 Fire: Hunting sling     |       |     3 ||     3
 Cast: Magic Dart        |   100 |    43 ||   143
       Dazzling Spray    |       |     8 ||     8
  Use: Scroll            |     2 |     5 ||     7
  Eat: Ration            |     1 |     1 ||     2
       Chunk             |       |     1 ||     1
Armor: Robe              |     5 |    13 ||    18
Dodge: Dodged            |    22 |    19 ||    41
Block: Other             |       |     4 ||     4
